TOP OF THE 1ST |
Oregon State University Beavers batting - Pitching for University of Maine Black Bears : LHP Cory Yeary
|
Pitching: LHP Cory Yeary
|
|
Batting: RHB Vicente Guillen
|
0-0: Ball 1-0: Foul Ball, location: 2F 1-1: Called Strike 1-2: Ball 2-2: Ball 3-2: Foul Ball, location: 2F 3-2: Foul Ball, location: 2F 3-2: Base on Balls
|
Batting: RHB Tony Gallegos
|
0-0: Ball 1-0: Ball 2-0: Ball 3-0: Called Strike 3-1: Fielders Choice at 2nd, 5-4 (Groundball, 56S, EV 86.9 MPH)
|
Batting: RHB Xavier Williams
|
0-0: Grounds into double play, 4-6-3 (Groundball, 4M, EV 89.4 MPH)
|
Top of the 1st over - 0 runs, 0 hits, 0 errors, 0 left on base; Oregon State University 0 - University of Maine 0 |
BOTTOM OF THE 1ST |
University of Maine Black Bears batting - Pitching for Oregon State University Beavers : RHP Felix Perez
|
Pitching: RHP Felix Perez
|
|
Batting: SHB Terrence Bryant
|
0-0: Swinging Strike 0-1: TRIPLE (Flyball, 89XD, EV 101.9 MPH)
|
Pinch Runner at 3rd Ismael Dominguez:
|
|
Batting: RHB Enrique Gomez
|
0-0: Foul Ball, location: 2F 0-1: Reached on error, E5 (Groundball, 5, EV 93.1 MPH) Ismael Dominguez scores
|
Batting: SHB Carlos Carrillo
|
0-0: Called Strike 0-1: SINGLE (Line Drive, 8LM, EV 111.2 MPH) Enrique Gomez to second
|
Batting: RHB Alvin Garcia
|
0-0: Ball 1-0: Foul Ball, location: 2F 1-1: Swinging Strike 1-2: Strikes out swinging
|
Batting: RHB Ruben Domingues
|
0-0: Ball 1-0: Swinging Strike 1-1: SINGLE (Flyball, 8RS, EV 88.8 MPH) Enrique Gomez to third Carlos Carrillo to second Throwing error, E8 Enrique Gomez scores Carlos Carrillo to third Ruben Domingues to second
|
Batting: LHB Jeremy Nuzzo
|
0-0: Foul Ball, location: 2F 0-1: Ball 1-1: Ground out 4-3 (Groundball, 4S, EV 85.0 MPH) Carlos Carrillo scores Ruben Domingues to third
|
Batting: RHB Ivan Navar
|
0-0: Ground out 6-3 (Groundball, 6S, EV 74.4 MPH)
|
Bottom of the 1st over - 3 runs, 3 hits, 2 errors, 1 left on base; Oregon State University 0 - University of Maine 3 |
TOP OF THE 2ND |
Oregon State University Beavers batting - Pitching for University of Maine Black Bears : LHP Cory Yeary
|
Now at 3B: Clark Meagher
|
|
Batting: RHB Reomel Somera
|
0-0: Foul Ball, location: 2F 0-1: DOUBLE (Line Drive, 9D, EV 108.1 MPH)
|
Batting: RHB Austin Sweetman
|
0-0: SINGLE (Groundball, 56D, EV 111.2 MPH) Reomel Somera to third Runner from 3rd tries for Home, throw by LF and OUT! 7-2
|
Batting: LHB Mike Becerra
|
0-0: Ball Wild Pitch! Austin Sweetman to second 1-0: Ball 2-0: Swinging Strike 2-1: Foul Ball, location: 2F 2-2: Strikes out swinging
|
Batting: LHB Borislav Draganov
|
0-0: SINGLE (Flyball, 89S, EV 94.4 MPH) Austin Sweetman to third
|
Batting: RHB Justin Chapin
|
Pickoff Throw to First - Out! 1-3
|
Top of the 2nd over - 0 runs, 3 hits, 0 errors, 1 left on base; Oregon State University 0 - University of Maine 3 |
BOTTOM OF THE 2ND |
University of Maine Black Bears batting - Pitching for Oregon State University Beavers : RHP Felix Perez
|
Batting: RHB Victor Dominguez
|
0-0: Ground out U3 (Groundball, 34S, EV 86.9 MPH)
|
Batting: RHB Geoff Roberts
|
0-0: Ball 1-0: Ball 2-0: Called Strike 2-1: SINGLE (Groundball, 6D, EV 96.9 MPH)
|
Batting: RHB Clark Meagher
|
0-0: Ball 1-0: Fly out, F3 (Popup, 34, EV 66.9 MPH)
|
Batting: RHB Enrique Gomez
|
0-0: SINGLE (Line Drive, 9S, EV 110.6 MPH) Geoff Roberts to second
|
Batting: SHB Carlos Carrillo
|
0-0: Ball 1-0: Foul Ball, location: 2F 1-1: Ball 2-1: Ball 3-1: Foul Ball, location: 2F 3-2: Foul Ball, location: 2F 3-2: Strikes out looking
|
Bottom of the 2nd over - 0 runs, 2 hits, 0 errors, 2 left on base; Oregon State University 0 - University of Maine 3 |
TOP OF THE 3RD |
Oregon State University Beavers batting - Pitching for University of Maine Black Bears : LHP Cory Yeary
|
Batting: RHB Justin Chapin
|
0-0: Foul Ball, location: 2F 0-1: Fly out, F9 (Flyball, 9S, EV 81.2 MPH)
|
Batting: SHB Ben Howard
|
0-0: Called Strike 0-1: Called Strike 0-2: Ball 1-2: Foul Ball, location: 2F 1-2: Foul Ball, location: 2F 1-2: Ball 2-2: Strikes out swinging
|
Batting: RHB Vicente Guillen
|
0-0: Called Strike 0-1: Foul Ball, location: 2F 0-2: Ball 1-2: Strikes out swinging
|
Top of the 3rd over - 0 runs, 0 hits, 0 errors, 0 left on base; Oregon State University 0 - University of Maine 3 |
BOTTOM OF THE 3RD |
University of Maine Black Bears batting - Pitching for Oregon State University Beavers : RHP Felix Perez
|
Batting: RHB Alvin Garcia
|
0-0: Called Strike 0-1: Ball 1-1: Foul Ball, location: 2F 1-2: Ground out 6-3 (Groundball, 6, EV 91.2 MPH)
|
Batting: RHB Ruben Domingues
|
0-0: SINGLE (Groundball, 4S, EV 73.8 MPH) (infield hit)
|
Batting: LHB Jeremy Nuzzo
|
0-0: Called Strike 0-1: Ball 1-1: Hit by Pitch Ruben Domingues to second
|
Batting: RHB Ivan Navar
|
0-0: Ball 1-0: Foul Ball, location: 2F 1-1: Fielders Choice at 2nd, 6-4 (Groundball, 6, EV 106.9 MPH) Ruben Domingues to third
|
Batting: RHB Victor Dominguez
|
0-0: Swinging Strike 0-1: Ball 1-1: Ball 2-1: Ball 3-1: Foul Ball, location: 2F 3-2: Ground out 5-3 (Groundball, 25, EV 82.5 MPH)
|
Bottom of the 3rd over - 0 runs, 1 hit, 0 errors, 2 left on base; Oregon State University 0 - University of Maine 3 |
TOP OF THE 4TH |
Oregon State University Beavers batting - Pitching for University of Maine Black Bears : LHP Cory Yeary
|
Batting: RHB Tony Gallegos
|
0-0: Ball 1-0: Foul Ball, location: 2F 1-1: Ball 2-1: Ball 3-1: Foul Ball, location: 2F 3-2: Base on Balls
|
Batting: RHB Xavier Williams
|
0-0: Fly out, F8 (Flyball, 8LD, EV 95.6 MPH)
|
Batting: RHB Reomel Somera
|
0-0: Called Strike 0-1: Foul Ball, location: 2F 0-2: Foul Ball, location: 2F 0-2: Ball 1-2: Fielders Choice at 2nd, 4-6 (Groundball, 4, EV 80.6 MPH)
|
Batting: RHB Austin Sweetman
|
0-0: Ball 1-0: Ball 2-0: Ground out 6-3 (Groundball, 6M, EV 91.9 MPH)
|
Top of the 4th over - 0 runs, 0 hits, 0 errors, 1 left on base; Oregon State University 0 - University of Maine 3 |
BOTTOM OF THE 4TH |
University of Maine Black Bears batting - Pitching for Oregon State University Beavers : RHP Felix Perez
|
Batting: RHB Geoff Roberts
|
0-0: Ball 1-0: Foul Ball, location: 2F 1-1: Ball 2-1: Fly out, F4 (Popup, 4D, EV 46.2 MPH)
|
Batting: RHB Clark Meagher
|
0-0: Ball 1-0: Swinging Strike 1-1: Foul Ball, location: 2F 1-2: Strikes out looking
|
Batting: RHB Enrique Gomez
|
0-0: Fly out, F7 (Flyball, 78M, EV 93.1 MPH)
|
Bottom of the 4th over - 0 runs, 0 hits, 0 errors, 0 left on base; Oregon State University 0 - University of Maine 3 |
TOP OF THE 5TH |
Oregon State University Beavers batting - Pitching for University of Maine Black Bears : LHP Cory Yeary
|
Pitching: RHP Yi-ping Chang
|
|
Batting: LHB Mike Becerra
|
0-0: SOLO HOME RUN (Flyball, 9D, EV 97.5 MPH), Distance : 377 ft
|
Batting: LHB Borislav Draganov
|
0-0: Called Strike 0-1: Ground out 1-3 (Groundball, 25, EV 63.8 MPH)
|
Batting: RHB Justin Chapin
|
0-0: Called Strike 0-1: Called Strike 0-2: Strikes out swinging
|
Batting: SHB Ben Howard
|
0-0: Ball 1-0: Ball 2-0: Called Strike 2-1: Foul Ball, location: 2F 2-2: Fly out, F8 (Line Drive, 8LM, EV 111.2 MPH)
|
Top of the 5th over - 1 run, 1 hit, 0 errors, 0 left on base; Oregon State University 1 - University of Maine 3 |
BOTTOM OF THE 5TH |
University of Maine Black Bears batting - Pitching for Oregon State University Beavers : RHP Felix Perez
|
Pitching: RHP Josh Ward
|
|
Batting: SHB Carlos Carrillo
|
0-0: SINGLE (Groundball, 13S, EV 70.6 MPH) (infield hit)
|
Batting: RHB Alvin Garcia
|
0-0: Ball 1-0: Called Strike 1-1: Called Strike 1-2: Foul Ball, location: 2F 1-2: Fielders Choice at 2nd, 6-4 (Groundball, 6M, EV 83.8 MPH)
|
Now at 2B: Tommy Lamb
|
|
Batting: RHB Ruben Domingues
|
0-0: Foul Ball, location: 2F 0-1: Foul Ball, location: 2F 0-2: Fly out, F6 (Popup, 6, EV 72.5 MPH)
|
Batting: LHB Jeremy Nuzzo
|
0-0: Swinging Strike 0-1: Reached on error, E5 (Groundball, 56S, EV 91.2 MPH) Alvin Garcia to second
|
Batting: RHB Ivan Navar
|
0-0: Called Strike 0-1: Called Strike 0-2: Foul Ball, location: 2F 0-2: Ball 1-2: Strikes out looking
|
Bottom of the 5th over - 0 runs, 1 hit, 1 error, 2 left on base; Oregon State University 1 - University of Maine 3 |
TOP OF THE 6TH |
Oregon State University Beavers batting - Pitching for University of Maine Black Bears : RHP Yi-ping Chang
|
Batting: RHB Vicente Guillen
|
0-0: Ball 1-0: Foul Ball, location: 2F 1-1: Ball 2-1: SINGLE (Groundball, 56S, EV 72.5 MPH) (infield hit)
|
Batting: RHB Tony Gallegos
|
0-0: Ball 1-0: Foul Ball, location: 2F 1-1: Ball 2-1: Ball 3-1: Fly out, F8 (Line Drive, 8RD, EV 89.4 MPH)
|
Pinch Hitting: RHB Mario Avila
|
0-0: Swinging Strike 0-1: Swinging Strike 0-2: Ball 1-2: Ball Vicente Guillen is caught stealing 2nd base 2-4 2-2: Ball 3-2: Foul Ball, location: 2F 3-2: SINGLE (Groundball, 6MD, EV 97.5 MPH)
|
Batting: SHB Tommy Lamb
|
0-0: Foul Ball, location: 2F 0-1: Ball 1-1: Called Strike 1-2: Strikes out swinging
|
Top of the 6th over - 0 runs, 2 hits, 0 errors, 1 left on base; Oregon State University 1 - University of Maine 3 |
BOTTOM OF THE 6TH |
University of Maine Black Bears batting - Pitching for Oregon State University Beavers : RHP Josh Ward
|
Now at 1B: Mario Avila
|
|
Batting: RHB Victor Dominguez
|
0-0: Foul Ball, location: 2F 0-1: Ball 1-1: Foul Ball, location: 2F 1-2: TRIPLE (Line Drive, 9LD, EV 109.4 MPH)
|
Batting: RHB Geoff Roberts
|
0-0: Called Strike 0-1: Fly out, F7 (Flyball, 7, EV 85.0 MPH) Runner from 3rd tags up, OUT at HOME! 7-2
|
Batting: RHB Clark Meagher
|
0-0: Swinging Strike 0-1: Ball 1-1: Ball 2-1: Foul Ball, location: 2F 2-2: SOLO HOME RUN (Flyball, 7D, EV 98.8 MPH), Distance : 404 ft
|
Batting: RHB Enrique Gomez
|
0-0: Ground out 5-3 (Groundball, 5S, EV 86.9 MPH)
|
Bottom of the 6th over - 1 run, 2 hits, 0 errors, 0 left on base; Oregon State University 1 - University of Maine 4 |
TOP OF THE 7TH |
Oregon State University Beavers batting - Pitching for University of Maine Black Bears : RHP Yi-ping Chang
|
Pitching: LHP Jason Alexander
|
|
Now at SS: Tyler Rogers
|
|
Batting: RHB Austin Sweetman
|
0-0: Called Strike 0-1: Swinging Strike 0-2: Strikes out swinging
|
Batting: LHB Mike Becerra
|
0-0: Called Strike 0-1: Ball 1-1: Ground out 2-3 (Groundball, 2R, EV 65.6 MPH)
|
Batting: LHB Borislav Draganov
|
0-0: Called Strike 0-1: Swinging Strike 0-2: Ball 1-2: Ball 2-2: Ball 3-2: SOLO HOME RUN (Flyball, 9LD, EV 91.2 MPH), Distance : 345 ft
|
Batting: RHB Justin Chapin
|
0-0: SINGLE (Groundball, 15S, EV 67.5 MPH) (infield hit)
|
Batting: SHB Ben Howard
|
0-0: Ball 1-0: SINGLE (Groundball, 56S, EV 63.8 MPH) (infield hit) Justin Chapin to second
|
Pinch Hitting: RHB Noel Bodkin
|
0-0: Ball 1-0: Swinging Strike 1-1: Called Strike 1-2: Ball 2-2: Strikes out swinging
|
Top of the 7th over - 1 run, 3 hits, 0 errors, 2 left on base; Oregon State University 2 - University of Maine 4 |
BOTTOM OF THE 7TH |
University of Maine Black Bears batting - Pitching for Oregon State University Beavers : RHP Josh Ward
|
Pitching: LHP Ryan Coleman
|
|
Now at 2B: Noel Bodkin
|
|
Now at SS: Tommy Lamb
|
|
Batting: SHB Carlos Carrillo
|
0-0: Ball 1-0: Ball 2-0: Ball 3-0: Called Strike 3-1: Swinging Strike 3-2: Ground out 2-3 (Groundball, 13S, EV 68.8 MPH)
|
Pinch Hitting: RHB Jon Borden
|
0-0: Swinging Strike 0-1: Foul Ball, location: 2F 0-2: Ground out 6-3 (Groundball, 6, EV 109.4 MPH)
|
Pinch Hitting: RHB Ignacio Zapata
|
0-0: Ball 1-0: Ground out 1-3 (Groundball, 13S, EV 67.5 MPH)
|
Bottom of the 7th over - 0 runs, 0 hits, 0 errors, 0 left on base; Oregon State University 2 - University of Maine 4 |
TOP OF THE 8TH |
Oregon State University Beavers batting - Pitching for University of Maine Black Bears : LHP Jason Alexander
|
Now at 1B: Jesus Escobedo
|
|
Now in LF: Ignacio Zapata
|
|
Pinch Hitting: LHB Edwin Bautista
|
0-0: Called Strike 0-1: Called Strike 0-2: Ball 1-2: Foul Ball, location: 2F 1-2: Foul Ball, location: 2F 1-2: Strikes out looking
|
Batting: RHB Mario Avila
|
0-0: SINGLE (Groundball, 56D, EV 95.6 MPH)
|
Batting: SHB Tommy Lamb
|
0-0: Ball 1-0: Fly out, F9 (Flyball, 89XD, EV 103.1 MPH)
|
Batting: RHB Austin Sweetman
|
0-0: Called Strike 0-1: Foul Ball, location: 2F 0-2: Foul Ball, location: 2F 0-2: Ball 1-2: Ground out 4-3 (Groundball, 4, EV 103.8 MPH)
|
Top of the 8th over - 0 runs, 1 hit, 0 errors, 1 left on base; Oregon State University 2 - University of Maine 4 |
BOTTOM OF THE 8TH |
University of Maine Black Bears batting - Pitching for Oregon State University Beavers : LHP Ryan Coleman
|
Now at 3B: Edwin Bautista
|
|
Batting: LHB Jeremy Nuzzo
|
0-0: Ball 1-0: Fly out, F7 (Flyball, 7S, EV 91.2 MPH)
|
Batting: SHB Bill Santos
|
0-0: Ball 1-0: Ball 2-0: Called Strike 2-1: Ball 3-1: Ground out 5-3 (Groundball, 56, EV 86.2 MPH)
|
Batting: LHB Tyler Rogers
|
0-0: Ball 1-0: Foul Ball, location: 2F 1-1: Foul Ball, location: 2F 1-2: Ball 2-2: Ground out 4-3 (Groundball, 4M, EV 90.6 MPH)
|
Bottom of the 8th over - 0 runs, 0 hits, 0 errors, 0 left on base; Oregon State University 2 - University of Maine 4 |
TOP OF THE 9TH |
Oregon State University Beavers batting - Pitching for University of Maine Black Bears : LHP Jason Alexander
|
Pitching: RHP David Espinosa
|
|
Pinch Hitting: RHB Angel Alvarado
|
0-0: Fly out, F8 (Flyball, 8RXD, EV 90.0 MPH)
|
Batting: RHB Bob Goodman
|
0-0: Fly out, F5 (Line Drive, 5, EV 68.1 MPH)
|
Pinch Hitting: RHB Seth Fox
|
0-0: Called Strike 0-1: Ball 1-1: TRIPLE (Flyball, 78XD, EV 100.0 MPH)
|
Pinch Hitting: RHB Branden Rodrigues
|
0-0: Ball 1-0: Ground out 6-3 (Groundball, 6M, EV 103.1 MPH)
|
Top of the 9th over - 0 runs, 1 hit, 0 errors, 1 left on base; Oregon State University 2 - University of Maine 4 |
|